 Dungeon Sprint DCSS version 0.26-a0-851-g735459dd53 (webtiles) character file.

Game seed: 3481867706704325943

545 Conn the Covert (level 7, -7/43 HPs)
             Began as an Octopode Fire Elementalist on Nov 21, 2020.
             Was a High Priest of Vehumet.
             Mangled by a demonic crawler (13 damage)
             ... in the Dungeon (Sprint VII: "The Pits").
             The game lasted 00:13:37 (1146 turns).

Conn the Covert (Octopode Fire Elementalist)        Turns: 1146, Time: 00:13:38

Health: -7/43      AC:  1    Str:  8    XL:     7   Next: 27%
Magic:  10/17      EV: 15    Int: 19    God:    Vehumet [*****.]
Gold:   0          SH:  0    Dex: 12    Spells: 1/20 levels left

rFire    . . .     SeeInvis .   l - +0 dagger (venom)
rCold    . . .     Faith    .   (no shield)
rNeg     . . .     Spirit   .   (helmet restricted)
rPois    .         Reflect  .   (no amulet)
rElec    .         Harm     .   (no ring)
rCorr    .         Rampage  .   (no ring)
MR       .....     NoTele   +   (no ring)
Stlth    +++++.....             (no ring)
HPRegen  0.14/turn              (no ring)
MPRegen  0.15/turn              (no ring)
                                (no ring)
                                (no ring)

@: hasted, very quick
A: almost no armour, stealthy swim, amphibious, 8 rings, constrict 8, camouflage
1, gelatinous body 1
a: Renounce Religion


You were in the Dungeon.
You worshipped Vehumet.
Vehumet was extremely pleased with you.
You visited 1 branch

Inventory:

Hand Weapons
 a - a +2 dagger
 l - a +0 dagger of venom (weapon)
 m - a +2 quarterstaff of protection
Missiles
 n - 6 stones (quivered)
Scrolls
 i - 3 scrolls of remove curse
 j - 5 scrolls of amnesia
 k - a scroll of summoning
Potions
 b - 4 potions of curing
 c - a potion of heal wounds
 e - 4 potions of magic
 f - 3 potions of berserk rage


   Skills:
 + Level 1.6 Fighting
 + Level 2.1 Short Blades
 + Level 4.5 Dodging
 + Level 10.7 Stealth
 * Level 7.2 Spellcasting
 * Level 5.4 Conjurations
 + Level 8.2 Fire Magic
 + Level 1.6 Earth Magic


You had one spell level left.
You knew the following spells:

 Your Spells              Type           Power        Failure   Level
a - Foxfire               Conj/Fire      ####         1%          1
b - Sandblast             Erth           ##....       1%          1
c - Searing Ray           Conj           ####..       1%          2
d - Conjure Flame         Conj/Fire      ####....     1%          3
e - Sticky Flame          Conj/Fire      ####....     1%          4
f - Inner Flame           Hex/Fire       ###.....     1%          3
g - Fireball              Conj/Fire      ####......   4%          5

Your spell library contained the following spells:

 Spells                   Type           Power        Failure   Level
 Airstrike                Air            #.........   24%         4


Dungeon Overview and Level Annotations

Branches:
Dungeon (1/1)

Altars:
Ashenzari
Cheibriados
Dithmenos
Elyvilon
Fedhas
Gozag
Hepliaklqana
Kikubaaqudgha
Makhleb
Nemelex Xobeh
Okawaru
Qazlal
Ru
Sif Muna
Trog
Uskayaw
Vehumet
Wu Jian
Xom
Yredelemnul
Zin
The Shining One
Beogh
Jiyva
Lugonu


Innate Abilities, Weirdness & Mutations

You cannot wear most types of armour.
You are very stealthy in the water. (Stealth+)
You are amphibious.
You can wear up to eight rings at the same time.
You can use your tentacles to constrict eight enemies at once.
Your skin changes colour to match your surroundings (Stealth+).
Your rubbery body absorbs attacks. (AC +1, EV +1)


Message History

Unknown command.
Unknown command.
The demonic crawler burns!
The demonic crawler stops burning.
Casting: Sticky Flame (dangerous; 1% risk of failure)
Confirm with . or Enter, or press ? or * to list all spells.
The spell is quite dangerous to cast (4% risk of failure)!
Continue anyway?
Okay, then.
Unknown command.
Unknown command.
Casting: Fireball (quite dangerous; 4% risk of failure)
Confirm with . or Enter, or press ? or * to list all spells.
Okay, then.
You aren't carrying any items that you can evoke.
Okay, then.
You feel yourself speed up. The demonic crawler hits you!
The demonic crawler barely misses you. The demonic crawler hits you!
* * * LOW HITPOINT WARNING * * *
The demonic crawler hits you but does no damage.
The demonic crawler barely misses you. The demonic crawler hits you!
You die...

#.##'#.....##...<...#
#÷#........##.......#
#.#........##.......#
#'###########.......#
#....†..# #########
#..#.#..# #.##.##.#
#.......#+#
#.##.##@#.+
#..#.#.s#'#
#.......'.#
###########


You could see a demonic crawler.

Vanquished Creatures
  A flying skull (D)
  A fire bat (D)
  A wolf (D)
  4 orc wizards (D)
  A jelly (D)
  2 river rats (D)
  A leopard gecko (D)
  An orc (D)
  A bat skeleton (D)
  2 ball pythons (D)
  A bat (D)
  A giant cockroach zombie (D)
  A goblin (D)
  A leopard gecko skeleton (D)
  A rat (D)
20 creatures vanquished.

Vanquished Creatures (others)
  16 foxfires (D)
16 creatures vanquished.

Grand Total: 36 creatures vanquished

Notes
Turn   | Place    | Note
-------+----------+-------------------------------------------
     0 | D        | Conn the Octopode Fire Elementalist began the quest for the
                  | Orb.
     0 | D        | Reached XP level 1. HP: 11/11 MP: 3/3
    40 | D        | Found a bloodstained altar of Trog.
    40 | D        | Found a shimmering blue altar of Sif Muna.
    40 | D        | Found a viscous altar of Jiyva.
    40 | D        | Found a hazy altar of Hepliaklqana.
    40 | D        | Found an opulent altar of Gozag.
    41 | D        | Found a glowing golden altar of the Shining One.
    41 | D        | Found a glowing silver altar of Zin.
    41 | D        | Found a basalt altar of Yredelemnul.
    41 | D        | Found a shimmering altar of Xom.
    41 | D        | Found an ornate altar of the Wu Jian Council.
    41 | D        | Found a sacrificial altar of Ru.
    41 | D        | Found a stormy altar of Qazlal.
    41 | D        | Found an iron altar of Okawaru.
    41 | D        | Found a sparkling altar of Nemelex Xobeh.
    41 | D        | Found a burning altar of Makhleb.
    41 | D        | Found a blossoming altar of Fedhas.
    41 | D        | Found a white marble altar of Elyvilon.
    41 | D        | Found a shadowy altar of Dithmenos.
    41 | D        | Found a snail-covered altar of Cheibriados.
    42 | D        | Found a radiant altar of Vehumet.
    42 | D        | Found a corrupted altar of Lugonu.
    42 | D        | Found a roughly hewn altar of Beogh.
    43 | D        | Found a hide-covered altar of Uskayaw.
    43 | D        | Found an ancient bone altar of Kikubaaqudgha.
    43 | D        | Found a broken altar of Ashenzari.
    50 | D        | Became a worshipper of Vehumet
    73 | D        | Reached * piety under Vehumet
    73 | D        | Offered knowledge of Sandblast by Vehumet.
    74 | D        | Reached skill level 3 in Stealth
    83 | D        | Reached ** piety under Vehumet
    84 | D        | Reached XP level 2. HP: 17/17 MP: 5/5
    93 | D        | Reached skill level 4 in Stealth
   293 | D        | Learned a level 1 spell: Sandblast
   366 | D        | Noticed a flying skull
   366 | D        | Noticed a wolf
   607 | D        | Offered knowledge of Searing Ray by Vehumet.
   608 | D        | Reached skill level 5 in Stealth
   608 | D        | Reached skill level 5 in Fire Magic
   608 | D        | Reached XP level 3. HP: 21/21 MP: 3/7
   610 | D        | Reached *** piety under Vehumet
   635 | D        | Reached skill level 6 in Stealth
   635 | D        | Reached XP level 4. HP: 25/27 MP: 5/9
   638 | D        | Reached skill level 7 in Stealth
   656 | D        | Reached skill level 1 in Short Blades
   656 | D        | Reached XP level 5. HP: 17/32 MP: 8/11
   807 | D        | Learned a level 2 spell: Searing Ray
   811 | D        | Learned a level 3 spell: Conjure Flame
   816 | D        | Learned a level 4 spell: Sticky Flame
   819 | D        | Offered knowledge of Dazzling Flash by Vehumet.
   819 | D        | Reached **** piety under Vehumet
   857 | D        | Killed a wolf
   858 | D        | Reached skill level 1 in Fighting
   858 | D        | Reached skill level 8 in Stealth
   858 | D        | Reached skill level 5 in Spellcasting
   949 | D        | Noticed a fire bat
   980 | D        | Learned a level 3 spell: Inner Flame
   991 | D        | Killed a fire bat
   991 | D        | Offered knowledge of Airstrike by Vehumet.
   992 | D        | Reached skill level 9 in Stealth
   992 | D        | Reached skill level 1 in Earth Magic
   992 | D        | Reached XP level 6. HP: 38/38 MP: 9/15
  1012 | D        | Killed a flying skull
  1013 | D        | Reached skill level 10 in Stealth
  1013 | D        | Reached skill level 5 in Conjurations
  1013 | D        | Reached XP level 7. HP: 39/43 MP: 3/17
  1109 | D        | Learned a level 5 spell: Fireball
  1134 | D        | Reached ***** piety under Vehumet
  1135 | D        | Noticed a demonic crawler
  1146 | D        | Mangled by a demonic crawler

Illustrated notes

Levels and vault maps discovered:
D:        pitsprint [storerooms_1, entrance_room_1, metal_vault_2, armoury_3,
          mini_pit_1, grid_room_1, main_hall_1, silver_pit, the_coven_3,
          the_vestibule_1, steel_vault_1, golden_pit, hallway_of_sentries,
          crystal_vault_1, iron_vault_1, final_vault]

Skill      XL: |  1  2  3  4  5  6 |
---------------+-------------------+-----
Stealth        | 3 5 6 7 9 10 | 10.7
Fire Magic     | 4 5 6 7 8 |  8.2
Dodging        | 3 4 |  4.5
Spellcasting   | 3 4 6 7 |  7.2
Conjurations   | 2 4 5 |  5.4
Short Blades   | 1 2 |  2.1
Fighting       | 1 |  1.6
Earth Magic    | 1 |  1.6

Action                   |  1- 3 |  4- 6 |  7- 9 || total
-------------------------+-------+-------+-------++-------
Melee: Dagger            |    14 |    11 |     2 ||    27
       Constrict         |     2 |     3 |       ||     5
       Tentacles         |     1 |     2 |     1 ||     4
 Cast: Foxfire           |     8 |     2 |       ||    10
       Sandblast         |       |     4 |       ||     4
       Searing Ray       |       |     6 |       ||     6
       Conjure Flame     |       |     2 |       ||     2
       Sticky Flame      |       |       |     2 ||     2
  Use: Potion            |     2 |     4 |     4 ||    10
       Scroll            |     1 |       |       ||     1
 Stab: Sleeping          |     7 |       |     2 ||     9
Armor: Skin              |       |       |     1 ||     1
Dodge: Dodged            |    12 |     9 |    13 ||    34

Table legend: (Time is in decaauts)
 A = Elapsed time spent in this place.
 B = Non-inter-level travel time spent in this place.
 C = Inter-level travel time spent in this place.
 D = Time resting spent in this place.
 E = Time spent auto-exploring this place.
 F = Levels seen in this place.
 G = Mean time per level.
                   A        B        C        D        E       F      G
               +--------+--------+--------+--------+--------+-----+--------+
         Total |   1142 |   1118 |     24 |    668 |      0 |   1 | 1142.0 |
       Dungeon |   1142 |   1118 |     24 |    668 |      0 |   1 | 1142.0 |
               +--------+--------+--------+--------+--------+-----+--------+

Top non-repeatable levels by time:
       D: 1142 daAuts
